| TOP OF THE 1ST |
|
Pennsylvania State University Nittany Lions batting - Pitching for University of Illinois Fighting Illini : RHP Adam Householder
|
|
Pitching: RHP Adam Householder
|
|
|
Batting: RHB Julian Gregory
|
0-0: Called Strike 0-1: Ball 1-1: Ball 2-1: Ball 3-1: Called Strike 3-2: SINGLE (Groundball, 56S, EV 75.0 MPH) (infield hit)
|
|
Batting: RHB Ben Burkholder
|
0-0: Ball 1-0: DOUBLE (Line Drive, 9D, EV 94.4 MPH) Julian Gregory to third
|
|
Batting: LHB Tyler Francis
|
0-0: Foul Ball, location: 2F 0-1: Ball 1-1: Ball 2-1: Ground out 3-1 (Groundball, 34, EV 86.9 MPH) Julian Gregory scores Ben Burkholder to third
|
|
Batting: RHB Dave Fredericks
|
0-0: Ball 1-0: Fly out, F3 (Popup, 23F, EV 85.0 MPH)
|
|
Batting: RHB Tim Long
|
0-0: Ball 1-0: Called Strike 1-1: Foul Ball, location: 2F 1-2: Ball 2-2: Foul Ball, location: 2F 2-2: Foul Ball, location: 2F 2-2: Strikes out swinging
|
| Top of the 1st over - 1 run, 2 hits, 0 errors, 1 left on base; Pennsylvania State University 1 - University of Illinois 0 |
| BOTTOM OF THE 1ST |
|
University of Illinois Fighting Illini batting - Pitching for Pennsylvania State University Nittany Lions : RHP Ivan Bonilla
|
|
Pitching: RHP Ivan Bonilla
|
|
|
Batting: RHB Nick Lombardo
|
0-0: Ball 1-0: Called Strike 1-1: Ball 2-1: Foul Ball, location: 2F 2-2: Ball 3-2: Ground out 4-3 (Groundball, 4, EV 106.9 MPH)
|
|
Batting: RHB Tim Jobe
|
0-0: Called Strike 0-1: Ball 1-1: Ground out U3 (Groundball, 3S, EV 93.1 MPH)
|
|
Batting: RHB Chris McGuirk
|
0-0: Ball 1-0: SOLO HOME RUN (Flyball, 7LD, EV 95.0 MPH), Distance : 366 ft
|
|
Batting: LHB Nick Rooney
|
0-0: Called Strike 0-1: Foul Ball, location: 2F 0-2: Ball 1-2: DOUBLE (Flyball, 7LD, EV 107.5 MPH)
|
|
Batting: RHB Jose Tovar
|
0-0: Ball 1-0: Called Strike 1-1: DOUBLE (Line Drive, 5D, EV 96.2 MPH) Nick Rooney scores
|
|
Batting: SHB Robert Soto
|
0-0: Ball 1-0: DOUBLE (Flyball, 89XD, EV 114.4 MPH) Jose Tovar scores
|
|
Batting: RHB Kelly Hinckle
|
0-0: Ball 1-0: Ground out 6-3 (Groundball, 6, EV 93.1 MPH)
|
| Bottom of the 1st over - 3 runs, 4 hits, 0 errors, 1 left on base; Pennsylvania State University 1 - University of Illinois 3 |
| TOP OF THE 2ND |
|
Pennsylvania State University Nittany Lions batting - Pitching for University of Illinois Fighting Illini : RHP Adam Householder
|
|
Batting: RHB Eric Wiss
|
0-0: Ball 1-0: Ball 2-0: Ball 3-0: Called Strike 3-1: Called Strike 3-2: DOUBLE (Groundball, 5L, EV 108.8 MPH)
|
|
Batting: RHB Brian Rogers
|
0-0: Ball 1-0: Foul Ball, location: 2F 1-1: Ball 2-1: Foul Ball, location: 2F 2-2: Foul Ball, location: 2F 2-2: Fly out, F6 (Flyball, 6MD, EV 93.1 MPH)
|
|
Batting: SHB Kevin Greenan
|
0-0: Foul Ball, location: 2F 0-1: Foul Ball, location: 2F 0-2: Ball 1-2: Foul Ball, location: 2F 1-2: Foul Ball, location: 2F 1-2: Ground out 1-3 (Groundball, P, EV 61.9 MPH) Eric Wiss to third
|
|
Batting: RHB Roberto Torres
|
0-0: Ball 1-0: Ball 2-0: Ball 3-0: Called Strike 3-1: Base on Balls
|
|
Batting: RHB Julian Gregory
|
0-0: Fly out, F5 (Popup, 5SF, EV 76.2 MPH)
|
| Top of the 2nd over - 0 runs, 1 hit, 0 errors, 2 left on base; Pennsylvania State University 1 - University of Illinois 3 |
| BOTTOM OF THE 2ND |
|
University of Illinois Fighting Illini batting - Pitching for Pennsylvania State University Nittany Lions : RHP Ivan Bonilla
|
|
Batting: RHB Marco Castillo
|
0-0: Called Strike 0-1: DOUBLE (Line Drive, 7LM, EV 100.6 MPH)
|
|
Batting: RHB Raul Franco
|
0-0: Ball 1-0: Called Strike 1-1: Fly out, F9 (Flyball, 9LS, EV 90.6 MPH)
|
|
Batting: RHB Nick Lombardo
|
0-0: Called Strike 0-1: Ball Wild Pitch! Marco Castillo to third 1-1: Ground out U3 (Groundball, 13, EV 84.4 MPH) Marco Castillo scores
|
|
Batting: RHB Tim Jobe
|
0-0: Ball 1-0: Ball 2-0: Ball 3-0: Called Strike 3-1: Swinging Strike 3-2: Base on Balls
|
|
Batting: RHB Chris McGuirk
|
0-0: Ball 1-0: Foul Ball, location: 2F 1-1: Ball 2-1: Ground out 4-3 (Groundball, 4, EV 86.2 MPH)
|
| Bottom of the 2nd over - 1 run, 1 hit, 0 errors, 1 left on base; Pennsylvania State University 1 - University of Illinois 4 |
| TOP OF THE 3RD |
|
Pennsylvania State University Nittany Lions batting - Pitching for University of Illinois Fighting Illini : RHP Adam Householder
|
|
Batting: RHB Ben Burkholder
|
0-0: TRIPLE (Flyball, 8LXD, EV 94.4 MPH)
|
|
Batting: LHB Tyler Francis
|
0-0: Called Strike 0-1: Ball 1-1: Swinging Strike 1-2: Ball 2-2: Foul Ball, location: 2F 2-2: Fly out, F6 (Flyball, 56D, EV 83.8 MPH)
|
|
Batting: RHB Dave Fredericks
|
0-0: Ball 1-0: Foul Ball, location: 2F 1-1: Swinging Strike 1-2: Strikes out swinging
|
|
Batting: RHB Tim Long
|
0-0: Foul Ball, location: 2F 0-1: Called Strike 0-2: Foul Ball, location: 2F 0-2: Strikes out looking
|
| Top of the 3rd over - 0 runs, 1 hit, 0 errors, 1 left on base; Pennsylvania State University 1 - University of Illinois 4 |
| BOTTOM OF THE 3RD |
|
University of Illinois Fighting Illini batting - Pitching for Pennsylvania State University Nittany Lions : RHP Ivan Bonilla
|
|
Batting: LHB Nick Rooney
|
0-0: Ground out 4-3 (Groundball, 4M, EV 82.5 MPH)
|
|
Batting: RHB Jose Tovar
|
0-0: Called Strike 0-1: Foul Ball, location: 2F 0-2: Foul Ball, location: 2F 0-2: Foul Ball, location: 2F 0-2: Foul Ball, location: 2F 0-2: Foul Ball, location: 2F 0-2: SOLO HOME RUN (Line Drive, 89XD, EV 106.9 MPH), Distance : 432 ft
|
|
Batting: SHB Robert Soto
|
0-0: Called Strike 0-1: Ball 1-1: Ball 2-1: Fly out, F8 (Flyball, 8LM, EV 89.4 MPH)
|
|
Batting: RHB Kelly Hinckle
|
0-0: Ball 1-0: Foul Ball, location: 2F 1-1: Called Strike 1-2: Foul Ball, location: 2F 1-2: Fly out, F9 (Flyball, 9, EV 82.5 MPH)
|
| Bottom of the 3rd over - 1 run, 1 hit, 0 errors, 0 left on base; Pennsylvania State University 1 - University of Illinois 5 |
| TOP OF THE 4TH |
|
Pennsylvania State University Nittany Lions batting - Pitching for University of Illinois Fighting Illini : RHP Adam Householder
|
|
Batting: RHB Eric Wiss
|
0-0: Foul Ball, location: 2F 0-1: Foul Ball, location: 2F 0-2: Foul Ball, location: 2F 0-2: Ball 1-2: Fly out, F7 (Flyball, 78XD, EV 106.2 MPH)
|
|
Batting: RHB Brian Rogers
|
0-0: Ball 1-0: Ball 2-0: Ball 3-0: Base on Balls
|
|
Batting: SHB Kevin Greenan
|
0-0: Ball 1-0: Called Strike 1-1: Called Strike 1-2: Fielders Choice at 2nd, 1-6 (Groundball, 13S, EV 70.6 MPH)
|
|
Batting: RHB Roberto Torres
|
0-0: Ball Wild Pitch! Kevin Greenan to second 1-0: Foul Ball, location: 2F 1-1: Ground out U3 (Groundball, 34, EV 83.1 MPH)
|
| Top of the 4th over - 0 runs, 0 hits, 0 errors, 1 left on base; Pennsylvania State University 1 - University of Illinois 5 |
| BOTTOM OF THE 4TH |
|
University of Illinois Fighting Illini batting - Pitching for Pennsylvania State University Nittany Lions : RHP Ivan Bonilla
|
|
Pitching: RHP Greg Hall
|
|
|
Batting: RHB Marco Castillo
|
0-0: Ball 1-0: Foul Ball, location: 2F 1-1: Ball 2-1: Foul Ball, location: 2F 2-2: Ball 3-2: Strikes out swinging
|
|
Batting: RHB Raul Franco
|
0-0: Foul Ball, location: 2F 0-1: Swinging Strike 0-2: Ball 1-2: Ground out U3 (Groundball, 3S, EV 78.8 MPH)
|
|
Batting: RHB Nick Lombardo
|
0-0: Called Strike 0-1: Ball 1-1: Foul Ball, location: 2F 1-2: Fly out, F9 (Flyball, 89M, EV 83.8 MPH)
|
| Bottom of the 4th over - 0 runs, 0 hits, 0 errors, 0 left on base; Pennsylvania State University 1 - University of Illinois 5 |
| TOP OF THE 5TH |
|
Pennsylvania State University Nittany Lions batting - Pitching for University of Illinois Fighting Illini : RHP Adam Householder
|
|
Pitching: RHP Brandon Russell
|
|
|
Batting: RHB Julian Gregory
|
0-0: Ball 1-0: Ball 2-0: Called Strike 2-1: Foul Ball, location: 2F 2-2: Ball 3-2: Base on Balls
|
|
Batting: RHB Ben Burkholder
|
0-0: Swinging Strike 0-1: Foul Ball, location: 2F 0-2: Ball 1-2: Ball 2-2: DOUBLE (Line Drive, 89XD, EV 96.2 MPH) Julian Gregory to third Runner from 3rd tries for Home, SAFE, throw by CF to home
|
|
Batting: LHB Tyler Francis
|
0-0: Called Strike 0-1: Ball 1-1: Ball 2-1: Foul Ball, location: 2F 2-2: Ground out 4-3 (Groundball, 4, EV 82.5 MPH) Ben Burkholder to third
|
|
Batting: RHB Dave Fredericks
|
0-0: Called Strike 0-1: Ball 1-1: Called Strike 1-2: Strikes out swinging
|
|
Batting: RHB Tim Long
|
0-0: Ball 1-0: 2-RUN HOME RUN (Flyball, 7D, EV 111.9 MPH), Distance : 414 ft
|
|
Pitching: RHP Leon Gadsden
|
|
|
Batting: RHB Eric Wiss
|
0-0: Ball 1-0: Called Strike 1-1: Called Strike 1-2: Strikes out looking
|
| Top of the 5th over - 3 runs, 2 hits, 0 errors, 0 left on base; Pennsylvania State University 4 - University of Illinois 5 |
| BOTTOM OF THE 5TH |
|
University of Illinois Fighting Illini batting - Pitching for Pennsylvania State University Nittany Lions : RHP Greg Hall
|
|
Batting: RHB Tim Jobe
|
0-0: Swinging Strike 0-1: Ball 1-1: Swinging Strike 1-2: Foul Ball, location: 2F 1-2: Ball 2-2: Strikes out swinging
|
|
Batting: RHB Chris McGuirk
|
0-0: Ball 1-0: Ball 2-0: Foul Ball, location: 2F 2-1: Ball 3-1: Ground out 6-3 (Groundball, 6, EV 85.6 MPH)
|
|
Batting: LHB Nick Rooney
|
0-0: Ball 1-0: SINGLE (Line Drive, 7S, EV 91.2 MPH)
|
|
Batting: RHB Jose Tovar
|
0-0: Fly out, F7 (Flyball, 78S, EV 73.1 MPH)
|
| Bottom of the 5th over - 0 runs, 1 hit, 0 errors, 1 left on base; Pennsylvania State University 4 - University of Illinois 5 |
| TOP OF THE 6TH |
|
Pennsylvania State University Nittany Lions batting - Pitching for University of Illinois Fighting Illini : RHP Leon Gadsden
|
|
Batting: RHB Brian Rogers
|
0-0: Ball 1-0: Ball 2-0: Ball 3-0: Called Strike 3-1: Fly out, F8 (Flyball, 8RD, EV 87.5 MPH)
|
|
Batting: SHB Kevin Greenan
|
0-0: Ball 1-0: Ground out 5-3 (Groundball, 5, EV 79.4 MPH)
|
|
Batting: RHB Roberto Torres
|
0-0: Ball 1-0: Ball 2-0: Called Strike 2-1: Fly out, F3 (Line Drive, 3, EV 66.2 MPH)
|
| Top of the 6th over - 0 runs, 0 hits, 0 errors, 0 left on base; Pennsylvania State University 4 - University of Illinois 5 |
| BOTTOM OF THE 6TH |
|
University of Illinois Fighting Illini batting - Pitching for Pennsylvania State University Nittany Lions : RHP Greg Hall
|
|
Batting: SHB Robert Soto
|
0-0: Foul Ball, location: 2F 0-1: Called Strike 0-2: Ball 1-2: Strikes out looking
|
|
Batting: RHB Kelly Hinckle
|
0-0: Called Strike 0-1: Fly out, F4 (Popup, 23, EV 83.8 MPH)
|
|
Batting: RHB Marco Castillo
|
0-0: Called Strike 0-1: Ball 1-1: Swinging Strike 1-2: Ball 2-2: Fly out, F4 (Popup, 34S, EV 82.5 MPH)
|
| Bottom of the 6th over - 0 runs, 0 hits, 0 errors, 0 left on base; Pennsylvania State University 4 - University of Illinois 5 |
| TOP OF THE 7TH |
|
Pennsylvania State University Nittany Lions batting - Pitching for University of Illinois Fighting Illini : RHP Leon Gadsden
|
|
Pinch Hitting: RHB Alberto Bravo
|
0-0: Called Strike 0-1: Fly out, F3 (Popup, 3, EV 76.9 MPH)
|
|
Pinch Hitting: LHB Angel Oropeza
|
0-0: Swinging Strike 0-1: Called Strike 0-2: Ball 1-2: Foul Ball, location: 2F 1-2: Ground out 6-3 (Groundball, 4M, EV 105.6 MPH)
|
|
Batting: RHB Chris Trites
|
0-0: Ball 1-0: Fly out, F5 (Popup, 5F, EV 80.6 MPH)
|
| Top of the 7th over - 0 runs, 0 hits, 0 errors, 0 left on base; Pennsylvania State University 4 - University of Illinois 5 |
| BOTTOM OF THE 7TH |
|
University of Illinois Fighting Illini batting - Pitching for Pennsylvania State University Nittany Lions : RHP Greg Hall
|
|
Now in CF: Alberto Bravo
|
|
|
Now in RF: Angel Oropeza
|
|
|
Batting: RHB Raul Franco
|
0-0: Ground out 3-1 (Groundball, 34S, EV 82.5 MPH)
|
|
Batting: RHB Nick Lombardo
|
0-0: Ball 1-0: Fly out, F3 (Line Drive, 3, EV 70.0 MPH)
|
|
Batting: RHB Tim Jobe
|
0-0: Ball 1-0: Ball 2-0: Ball 3-0: Called Strike 3-1: Called Strike 3-2: Base on Balls
|
|
Pitching: RHP Jesus Ramos
|
|
|
Batting: LHB George Roben
|
0-0: Ball 1-0: Swinging Strike 1-1: Ball 2-1: Swinging Strike 2-2: Foul Ball, location: 2F 2-2: Fly out, F5 (Popup, 56S, EV 80.6 MPH)
|
| Bottom of the 7th over - 0 runs, 0 hits, 0 errors, 1 left on base; Pennsylvania State University 4 - University of Illinois 5 |
| TOP OF THE 8TH |
|
Pennsylvania State University Nittany Lions batting - Pitching for University of Illinois Fighting Illini : RHP Leon Gadsden
|
|
Batting: RHB Dave Fredericks
|
0-0: Ground out 6-3 (Groundball, 6, EV 88.8 MPH)
|
|
Pinch Hitting: RHB Ethan Finke
|
0-0: Fly out, F6 (Popup, 4M, EV 68.8 MPH)
|
|
Pinch Hitting: RHB Coen Dirks
|
0-0: Ground out 6-3 (Groundball, 6, EV 96.2 MPH)
|
| Top of the 8th over - 0 runs, 0 hits, 0 errors, 0 left on base; Pennsylvania State University 4 - University of Illinois 5 |
| BOTTOM OF THE 8TH |
|
University of Illinois Fighting Illini batting - Pitching for Pennsylvania State University Nittany Lions : RHP Jesus Ramos
|
|
Now at 2B: Coen Dirks
|
|
|
Now at 3B: Kevin Greenan
|
|
|
Now at SS: Ethan Finke
|
|
|
Pinch Hitting: SHB Ryan Buchbinder
|
0-0: Ball 1-0: Called Strike 1-1: Swinging Strike 1-2: Strikes out swinging
|
|
Pinch Hitting: LHB Jeremy Lynch
|
0-0: Ball 1-0: Ball 2-0: Ball 3-0: Called Strike 3-1: Foul Ball, location: 2F 3-2: Fly out, F8 (Flyball, 8RD, EV 98.8 MPH)
|
|
Batting: SHB Robert Soto
|
0-0: Ball 1-0: Ball 2-0: Foul Ball, location: 2F 2-1: Ball 3-1: SINGLE (Groundball, 4D, EV 96.9 MPH)
|
|
Pinch Hitting: RHB Chris Bejarano
|
0-0: Called Strike 0-1: Called Strike 0-2: Ball 1-2: SINGLE (Flyball, 3D, EV 93.1 MPH) Robert Soto to second Runner from 2nd tries for 3rd, SAFE, throw by RF made to third
|
|
Pinch Hitting: RHB Vinny Torres
|
0-0: Ball 1-0: Fielders Choice at 2nd, 5-4 (Groundball, 56, EV 86.2 MPH)
|
| Bottom of the 8th over - 0 runs, 2 hits, 0 errors, 2 left on base; Pennsylvania State University 4 - University of Illinois 5 |
| TOP OF THE 9TH |
|
Pennsylvania State University Nittany Lions batting - Pitching for University of Illinois Fighting Illini : RHP Leon Gadsden
|
|
Pitching: RHP Mike Oliver
|
|
|
Now at 1B: Eric Brandenburg
|
|
|
Now in LF: Justin Teague
|
|
|
Now in CF: Chris Bejarano
|
|
|
Now in RF: Matt Urbani
|
|
|
Batting: RHB Brian Rogers
|
0-0: Ball 1-0: Ball 2-0: Called Strike 2-1: Swinging Strike 2-2: Ball 3-2: Foul Ball, location: 2F 3-2: Foul Ball, location: 2F 3-2: Foul Ball, location: 2F 3-2: Fly out, F7 (Flyball, 78S, EV 88.8 MPH)
|
|
Pitching: RHP Dave Meyer
|
|
|
Batting: SHB Kevin Greenan
|
0-0: Called Strike 0-1: Ball 1-1: Ball 2-1: Foul Ball, location: 2F 2-2: Ball 3-2: Foul Ball, location: 2F 3-2: Base on Balls
|
|
Pitching: RHP Victor Cisneros
|
|
|
Pinch Hitting: RHB Luke Vaccarino
|
0-0: Ball 1-0: Ball 2-0: Called Strike 2-1: SINGLE (Groundball, 6MD, EV 96.2 MPH) Kevin Greenan to second
|
|
Batting: RHB Alberto Bravo
|
0-0: Ball 1-0: SINGLE (Groundball, 56D, EV 110.6 MPH) Kevin Greenan to third Luke Vaccarino to second Runner from 3rd tries for Home, SAFE, throw by LF to home
|
|
Batting: LHB Angel Oropeza
|
0-0: Swinging Strike 0-1: Fielders Choice at 2nd, 4-6 (Groundball, 34D, EV 103.8 MPH) Luke Vaccarino to third
|
|
Batting: RHB Chris Trites
|
0-0: Ball 1-0: Called Strike 1-1: SINGLE (Groundball, 56S, EV 65.6 MPH) (infield hit) Luke Vaccarino scores Angel Oropeza to second
|
|
Pinch Hitting: RHB Fate Makeever
|
0-0: Ball 1-0: Ball 2-0: Foul Ball, location: 2F 2-1: Fly out, F7 (Flyball, 78D, EV 93.8 MPH)
|
| Top of the 9th over - 2 runs, 3 hits, 0 errors, 2 left on base; Pennsylvania State University 6 - University of Illinois 5 |
| BOTTOM OF THE 9TH |
|
University of Illinois Fighting Illini batting - Pitching for Pennsylvania State University Nittany Lions : RHP Jesus Ramos
|
|
Pitching: LHP Rodolfo Valencia
|
|
|
Now at C: Luke Vaccarino
|
|
|
Now in LF: Fate Makeever
|
|
|
Batting: RHB Raul Franco
|
0-0: Ground out 6-3 (Groundball, 6, EV 100.6 MPH)
|
|
Pitching: LHP Nick Burnstein
|
|
|
Batting: RHB Nick Lombardo
|
0-0: Foul Ball, location: 2F 0-1: Swinging Strike 0-2: Foul Ball, location: 2F 0-2: Strikes out swinging
|
|
Batting: RHB Tim Jobe
|
0-0: Ball 1-0: Ball 2-0: Foul Ball, location: 2F 2-1: Ball 3-1: Swinging Strike 3-2: Foul Ball, location: 2F 3-2: Foul Ball, location: 2F 3-2: Base on Balls
|
|
Batting: LHB George Roben
|
0-0: Swinging Strike 0-1: Ball 1-1: 2-RUN HOME RUN (Flyball, 89XD, EV 104.4 MPH), Distance : 419 ft
|
| Bottom of the 9th over - 2 runs, 1 hit, 0 errors, 0 left on base; Pennsylvania State University 6 - University of Illinois 7 |
| |
|
Game Over ... University of Illinois defeats Pennsylvania State University, 7 to 6
|
|
|